 Dungeon Crawl Stone Soup version 0.30-a0-772-g5528072125 (webtiles) character file.

Game seed: 3532191516076092436

191700 cforsyth the Spry (level 18, -20/123 HPs)
             Began as a Tengu Summoner on Feb 13, 2023.
             Was an Initiate of Gozag.
             Demolished by a white very ugly thing (24 damage)
             ... in an ice cave.
             The game lasted 01:57:16 (51051 turns).

cforsyth the Spry (Tengu Summoner)                 Turns: 51051, Time: 01:57:16

Health: -20/123    AC:  8    Str:  8    XL:     18   Next: 21%
Magic:  11/35      EV: 30    Int: 26    God:    Gozag
Gold:   418        SH: 22    Dex: 21    Spells: 13/42 levels left

rFire   + . .      SeeInvis +    a - +8 flail of the Desolation of Salt {freeze, rC+}
rCold   + . .      Faith    .    Y - +4 kite shield "Dyoga" {Int+6}
rNeg    . . .      Spirit   .    K - +1 robe of the Worm {Will++ Str+2 Int-3 SInv}
rPois   +          Reflect  +    S - +2 hat {Will+}
rElec   +          Harm     .    o - +0 cloak
rCorr   .          Rampage  .    F - +1 pair of gloves
Will    ++++.                    (boots unavailable)
Stlth   +++                      s - amulet of reflection
HPRegen 0.40/turn                k - ring "Qonuch" {rElec rPois Str-3 Dex+6 Stlth+}
MPRegen 0.24/turn                e - ring of protection from fire

@: flying quickly and evasively, slowed, very slow
A: beak, talons 3, nimble flight
}: 1/15 runes: gossamer
a: Renounce Religion, Potion Petition, Call Merchant, Bribe Branch


You were in an ice cave.
You worshipped Gozag.
Gozag was aware of your devotion.
You visited 6 branches of the dungeon, and saw 28 of its levels.
You also visited: Gauntlet and Ice Cave.

You collected 12135 gold pieces.
You spent 3092 gold pieces at shops.
You paid 8625 gold pieces to Gozag.

Inventory:

Hand Weapons
 a - the +8 flail of the Desolation of Salt (weapon) {freeze, rC+}
   (You found it on level 4 of the Spider Nest)

   rC:        It protects you from cold.
Armour
 o - a +0 cloak (worn)
 F - a +1 pair of gloves (worn)
 K - the +1 robe of the Worm (worn) {Will++ Str+2 Int-3 SInv}
   (You found it on level 9 of the Dungeon)

   Str:       It affects your strength (+2).
   Int:       It affects your intelligence (-3).
   SInv:      It lets you see invisible.
   Will:      It greatly increases your willpower.
 S - a +2 hat of willpower (worn)
 Y - the +4 kite shield "Dyoga" (worn) {Int+6}
   (You bought it in a shop on level 1 of the Lair of Beasts)

   Int:       It affects your intelligence (+6).
Jewellery
 c - an amulet of regeneration
 d - a ring of see invisible
 e - a ring of protection from fire (right hand)
 g - a ring of protection from cold
 k - the ring "Qonuch" (left hand) {rElec rPois Str-3 Dex+6 Stlth+}
   (You found it in a Gauntlet)

   [ring of dexterity]

   Str:       It affects your strength (-3).
   Dex:       It affects your dexterity (+6).
   rElec:     It insulates you from electricity.
   rPois:     It protects you from poison.
   Stlth:     It makes you more stealthy.
 p - the ring "Beschawki" {rPois rC+ Str-3 Int+3}
   (You found it on level 1 of the Spider Nest)

   [ring of poison resistance]

   Str:       It affects your strength (-3).
   Int:       It affects your intelligence (+3).
   rC:        It protects you from cold.
   rPois:     It protects you from poison.
 s - an amulet of reflection (around neck)
 v - the amulet "Iptoyzxa" {Spirit SInv}
   (You found it in a Gauntlet)

   [amulet of guardian spirit]

   It causes incoming damage to be divided between your reserves of health and
   magic.
   SInv:      It lets you see invisible.
 x - an amulet of the acrobat
 y - a +6 ring of dexterity
 z - a ring of protection from fire
 U - a +6 ring of intelligence
 Z - the ring of Etiopih {rN+ Slay+3}
   (You found it in a Gauntlet)

   [ring of positive energy]

   Slay:      It affects your accuracy & damage with ranged weapons and melee
   (+3).
   rN:        It protects you from negative energy.
Wands
 q - a wand of digging (5)
 A - a wand of paralysis (19)
 C - a wand of flame (77)
 J - a wand of iceblast (13)
 L - a wand of light (4)
 R - a wand of mindburst (13)
Scrolls
 j - 12 scrolls of teleportation
 t - 6 scrolls of vulnerability
 u - 10 scrolls of identify
 D - 5 scrolls of enchant armour
 G - 5 scrolls of immolation
 H - a scroll of amnesia
 I - 4 scrolls of poison
 N - 3 scrolls of silence
 O - 2 scrolls of enchant weapon
 T - 11 scrolls of fog
 V - 3 scrolls of magic mapping
Potions
 f - 10 potions of curing
 h - 6 potions of attraction
 i - 2 potions of invisibility
 l - 4 potions of ambrosia
 m - 5 potions of brilliance
 n - 9 potions of mutation
 r - 4 potions of haste
 w - 3 potions of might
 B - 3 potions of cancellation
 E - 3 potions of berserk rage
 M - 6 potions of heal wounds
 Q - 2 potions of lignification
 X - a potion of resistance


   Skills:
 - Level 17.1 Fighting
 - Level 18.7 Dodging
 - Level 2.0 Stealth
 - Level 10.0 Shields
 - Level 12.8 Spellcasting
 + Level 17.8 Summonings


You had 13 spell levels left.
You knew the following spells:

 Your Spells              Type           Power      Damage    Failure   Level
a - Summon Small Mammal   Summ           100%       N/A       0%          1
b - Call Imp              Summ           83%        N/A       0%          2
c - Call Canine Familiar  Summ           83%        N/A       0%          3
d - Summon Guardian Gole  Hex/Summ       58%        N/A       1%          3
e - Summon Lightning Spi  Summ/Air       58%        N/A       1%          4
f - Summon Forest         Summ/Tloc      29%        N/A       5%          5
g - Summon Cactus Giant   Summ           41%        N/A       1%          6
h - Summon Mana Viper     Hex/Summ       58%        N/A       5%          5

Your spell library contained the following spells:

 Spells                   Type           Power      Damage    Failure   Level
 Slow                     Hex            64%        N/A       8%          1
 Sting                    Tmut/Pois      64%        1d6       8%          1
 Blink                    Tloc           32%        N/A       12%         2
 Cigotuvi's Dreadful Rot  Necr/Pois/Air  32%        N/A       12%         2
 Lesser Beckoning         Tloc           32%        N/A       12%         2
 Momentum Strike          Conj/Tloc      32%        3d8       12%         2
 Poisonous Vapours        Pois/Air       32%        N/A       12%         2
 Confusing Touch          Hex            16%        N/A       22%         3
 Gell's Gravitas          Tloc           16%        N/A       22%         3
 Inner Flame              Hex/Fire       16%        N/A       22%         3
 Teleport Other           Tloc           16%        N/A       22%         3
 Vampiric Draining        Necr           16%        2d7       22%         3
 Vhi's Electric Charge    Tloc/Air       32%        N/A       22%         3
 Dispel Undead            Necr           16%        3d10      58%         4
 Flame Wave               Conj/Fire      16%        2d7       58%         4
 Leda's Liquefaction      Hex/Erth       8%         N/A       58%         4
 Manifold Assault         Tloc           16%        N/A       58%         4
 Olgreb's Toxic Radiance  Pois           16%        N/A       58%         4
 Arcjolt                  Conj/Air       8%         1d18      91%         5
 Lee's Rapid Deconstruct  Erth           8%         3d7*      91%         5
 Death Channel            Necr           8%         N/A       100%        6
 Dispersal                Tloc           8%         N/A       100%        6
 Statue Form              Tmut/Erth      10%        N/A       100%        6
 Storm Form               Tmut/Air       8%         N/A       100%        7
 Maxwell's Capacitive Co  Air            8%         ∞         100%        8


Dungeon Overview and Level Annotations

Branches:
Dungeon (15/15)            Temple (1/1) D:7            Lair (5/5) D:9
 Shoals (1/4) Lair:2       Spider (4/4) Lair:2        Slime (0/5) Lair:4
    Orc (2/2) D:9             Elf (0/3) Orc:2        Vaults (0/5) D:14
 Depths (0/4) D:15          IceCv (1/1)             Gauntlet (visited)

Altars:
Ashenzari
Cheibriados
Dithmenos
Elyvilon
Fedhas
Gozag
Hepliaklqana
Kikubaaqudgha
Makhleb
Nemelex Xobeh
Okawaru
Qazlal
Ru
Sif Muna
Trog
Uskayaw
Vehumet
Wu Jian
Xom
Yredelemnul
Zin
The Shining One
Jiyva

Shops:
D:2 ?   Orc:2 *(([   Lair:1 :[*[:[[

Portals:
Trove: D:11 (give +3 fire dragon scales)

Annotations:
Spider:2 2 transporters, exclusions: oklob plant and orange crystal statue, Arachne; Qyphoemu's ghost, adept GnTm; Xof Pepn's ghost, adept MiBe IceCv exclusion: orange crystal statue


Innate Abilities, Weirdness & Mutations

You have a beak for a mouth.
You have claws for feet.
Your magical nature lets you fly swiftly and evasively.


Message History

Your crimson imp hits the white very ugly thing but does no damage.
Your mana viper bites the white very ugly thing but does no damage.
The orange crystal statue fixes its piercing gaze on you.
Something tries to feed on your intellect!
The freezing wraith barely misses your mana viper.
The freezing wraith hits your mana viper.
The freezing wraith drains your mana viper's vigour!
Your mana viper seems to slow down.
You block the freezing wraith's attack. x2; The anaconda simulacrum misses you.
The anaconda simulacrum completely misses you.
Your crimson imp barely misses the freezing wraith.
The dire elephant simulacrum is struck by your cactus giant's spines.
The dire elephant simulacrum tramples your cactus giant.
Your cactus giant holds its ground!
The dire elephant simulacrum trunk-slaps your cactus giant.
The dire elephant simulacrum freezes your cactus giant!!!
The orange crystal statue glitters topaz in the dim dungeon light.
The freezing wraith misses your mana viper.
The freezing wraith hits your mana viper!
Your mana viper bites the freezing wraith!
There is a transporter here.
You enter the transporter and appear at another place.
You block the anaconda simulacrum's attack. x2
The anaconda simulacrum closely misses you.
You block the anaconda simulacrum's attack.
The lindwurm simulacrum bites your cactus giant.
The lindwurm simulacrum freezes your cactus giant!
The lindwurm simulacrum claws your cactus giant.
The lindwurm simulacrum freezes your cactus giant!!
The lindwurm simulacrum claws your cactus giant!
Your cactus giant is destroyed!
Your cactus giant disappears in a puff of smoke!
The freezing wraith hits your mana viper!
The freezing wraith freezes your mana viper!
The freezing wraith closely misses your mana viper.
The white very ugly thing trunk-slaps you!
* * * LOW HITPOINT WARNING * * *
The white very ugly thing freezes you!! You resist.
You die...
Your body crumbles into a pile of gold.

##### ####
####...### ##.§#
##........####8..#
##..........##8W..#
##...........#8S...#
#.......8..(.#..5WZ#
#.........Z.8#...§?#
#∩∩.......[@©#©.Z|8#
#.........(u8#...)?#
#.......8..(.#....$#
##...........#8....#
##..........##8...#
##........####8..#
####...### #.∩#
##### ###


You could see a white very ugly thing, an orange crystal statue, 2 freezing
wraiths, an anaconda simulacrum (summoned), a dire elephant simulacrum
(summoned), a lindwurm simulacrum (summoned), a friendly mana viper (summoned,
slow) and a friendly crimson imp (summoned).

Vanquished Creatures
  A ghost moth (Spider:4)
  A cyclops (D:15)
  A moth of wrath (Spider:3)
  An ice statue (Shoals:1)
  A jumping spider (Spider:2)
  A nameless horror (Spider:4)
  A wolf (Lair:5)
  A bullfrog (Lair:4)
  4 orcs
  2 hobgoblins (D:1)
  A goblin (D:1)
  A rat (D:1)
16 creatures vanquished.

Vanquished Creatures (collateral kills)
  The ghost of juan097 the Disciple, an adept DrIE of Sif Muna (Spider:4)
  The ghost of GloriousHammer the Carver, an adept GnRe of Cheibriados (Spider:1)
  Kirke (Spider:4)
  Gastronok (Lair:3)
  Aizul (Spider:3)
  6 emperor scorpions
  4 ghost moths
  2 broodmothers
  A very ugly thing (IceCv)
  The ghost of AzureAlchemist the Grappler, a journeyman TrFi of Xom (Lair:2)
  Azrael (D:14)
  A spark wasp (Spider:2)
  A dire elephant (Gauntlet)
  2 entropy weavers
  An entropy weaver (shapeshifter) (D:14)
  A vault guard (D:14)
  3 hydras
  A jorogumo (Spider:3)
  An ogre mage (D:15)
  2 merfolk avatars (Shoals:1)
  4 centaur warriors
  2 radroaches
  4 boulder beetles
  A vampire mage (D:15)
  5 two-headed ogres
  7 death yaks
  The ghost of Bediveer the Fighter, a novice OgFi (D:8)
  A tengu warrior (D:14)
  5 orc high priests
  A sun demon (D:13)
  A skeletal warrior (D:15)
  2 sun moths
  A fire crab (Shoals:1)
  A sixfirhy (D:13)
  3 pharaoh ants
  3 soul eaters (D:13)
  A skyshark (Lair:5)
  9 orb spiders
  A sea snake (Shoals:1)
  5 spectral wolf spiders (Spider:1)
  5 steelbarb worms
  3 lindwurms (Lair:5)
  4 deep elf pyromancers
  5 orc knights
  3 wolf spider zombies (Spider:1)
  3 harpies (Lair:2)
  27 wolf spiders
  A necromancer (D:15)
  3 cyclopes
  An oklob plant (Lair:5)
  2 orc sorcerers
  5 manticores
  5 ugly things
  10 elephants
  An ice statue (Shoals:1)
  2 moths of wrath
  A fire giant skeleton (D:15)
  5 black mambas
  An iron dragon skeleton (D:15)
  2 torpor snails
  A rust devil (D:13)
  6 demonic crawlers
  An orange demon (D:13)
  A gargoyle (D:12)
  17 cane toads
  An efreet (D:15)
  A spriggan zombie (D:15)
  3 kobold demonologists
  14 komodo dragons
  3 anaconda simulacra (IceCv)
  3 ice devils (D:13)
  3 tengu conjurers
  A guardian mummy (D:15)
  A queen bee (Spider:3)
  10 trolls
  5 merfolk (Shoals:1)
  A hornet (shapeshifter) (D:10)
  A burning bush (Lair:5)
  9 meliai
  A merfolk (shapeshifter) (D:14)
  A hellwing (D:13)
  4 polar bears (Lair:5)
  3 wolf spider simulacra (Spider:1)
  3 hornets
  13 tarantellas
  A wind drake (shapeshifter) (D:14)
  An ettin zombie (D:15)
  6 blink frogs
  10 dream sheep
  14 slime creatures
  22 jumping spiders
  6 shadows
  A dire elephant simulacrum (IceCv)
  Sigmund (D:2)
  10 wyverns
  A vampire (D:12)
  23 culicivoras
  A water elemental (D:14)
  11 spriggans
  3 wraiths
  A hog (Spider:4)
  7 basilisks
  41 yaks
  2 steam dragons
  7 vampire mosquitoes
  A fire bat (Shoals:1)
  6 fire elementals (D:14)
  A neqoxec (D:13)
  A chaos spawn (D:13)
  56 redbacks
  Menkaure (D:4)
  3 wargs
  3 acid dragons
  19 water moccasins
  A hell hound (D:14)
  2 ice beasts
  24 orc warriors
  7 black bears
  10 ogres
  2 sky beasts
  5 boggarts (Lair:5)
  38 wolves
  10 centaurs
  A phantom (D:6)
  A lemure (D:5)
  5 kobold brigands
  10 bullfrogs
  7 necrophages
  A gnoll sergeant (D:10)
  2 scorpions
  3 wights
  13 killer bees
  A lindwurm simulacrum (IceCv)
  3 nameless horrors
  19 howler monkeys
  8 electric eels
  6 hounds
  2 jellies
  31 orc priests
  An iguana (D:6)
  21 orc wizards
  A killer bee zombie (D:5)
  A hound zombie (D:5)
  8 gnolls
  10 adders
  A shadow imp (D:8)
  3 white imps
  An adder zombie (D:5)
  4 worms
  69 orcs
  2 bats
  7 endoplasms
  4 giant cockroaches
  7 goblins
  5 hobgoblins
  21 kobolds
  3 quokkas
  7 ball pythons
  5 frilled lizards
  2 rats (D:3)
  3 butterflies (Lair:5)
945 creatures vanquished.

Vanquished Creatures (others)
  The ghost of Lahaam the Bludgeoner, an adept MiBe of Trog (Spider:3)
  A broodmother (Spider:3)
  A minotaur (Gauntlet)
  Josephine (Lair:3)
  A caustic shrike simulacrum (IceCv)
  2 death yaks (Lair:4)
  A boulder beetle (D:11)
  An orc high priest (Orc:2)
  A pharaoh ant (Spider:3)
  Pikel (D:5)
  An orc knight (Orc:2)
  A wolf spider (Spider:1)
  2 elephants (Lair:5)
  A cane toad (Lair:5)
  A tengu conjurer (D:15)
  A wraith (Lair:3)
  3 spriggans (Lair:5)
  3 yaks
  4 humans (Spider:4)
  A dire elephant simulacrum (IceCv)
  A redback (Spider:4)
  A vampire mosquito (D:11)
  An acid dragon (D:9)
  3 orc warriors (Orc:2)
  An ogre (D:5)
  An ettin simulacrum (IceCv)
  A wolf (Lair:5)
  A kobold brigand (D:11)
  2 killer bees (Spider:3)
  An orc priest (Orc:2)
  Crazy Yiuf (D:2)
  An iguana (D:9)
  9 bushes
  2 demonic plants (D:13)
  39 fungi
  102 plants
  10 snaplasher vines
  27 withered plants
233 creatures vanquished.

Grand Total: 1194 creatures vanquished

Notes
Turn   | Place    | Note
-------+----------+-------------------------------------------
     0 | D:1      | cforsyth the Tengu Summoner began the quest for the Orb.
     0 | D:1      | Reached XP level 1. HP: 10/10 MP: 4/4
   116 | D:1      | Reached skill level 5 in Summonings
   263 | D:1      | Reached XP level 2. HP: 15/15 MP: 3/6
   266 | D:1      | Learned a level 2 spell: Call Imp
   923 | D:2      | Found a burning altar of Makhleb.
  1052 | D:2      | Reached XP level 3. HP: 19/19 MP: 2/7
  1096 | D:2      | Learned a level 3 spell: Call Canine Familiar
  1263 | D:2      | Found a runed translucent door.
  1264 | D:2      | Noticed Crazy Yiuf
  1358 | D:2      | Found Fetacw's Magic Scroll Shoppe.
  1444 | D:2      | Noticed Sigmund
  1474 | D:2      | Killed Sigmund
  1475 | D:2      | Reached XP level 4. HP: 24/24 MP: 4/11
  1475 | D:2      | Gained mutation: Your magical nature lets you fly swiftly
                  | and evasively. [Tengu growth]
  1475 | D:2      | Reached XP level 5. HP: 28/28 MP: 4/12
  1670 | D:2      | Learned a level 3 spell: Summon Guardian Golem
  1676 | D:2      | Killed Crazy Yiuf
  1860 | D:3      | Reached XP level 6. HP: 32/32 MP: 9/13
  1868 | D:3      | Learned a level 4 spell: Summon Lightning Spire
  2922 | D:4      | Found an iron altar of Okawaru.
  3004 | D:4      | Noticed Menkaure
  3019 | D:4      | Killed Menkaure
  3020 | D:4      | Reached skill level 5 in Spellcasting
  3020 | D:4      | Reached XP level 7. HP: 14/36 MP: 12/15
  3467 | D:4      | Found a shimmering blue altar of Sif Muna.
  3822 | D:4      | Got Sif Muna's Octavo of the Bane
  4216 | D:5      | Entered Level 5 of the Dungeon
  4286 | D:5      | Found a basalt altar of Yredelemnul.
  4533 | D:5      | Found a snail-covered altar of Cheibriados.
  4536 | D:5      | Found a broken altar of Ashenzari.
  4680 | D:5      | Found a glowing silver altar of Zin.
  4699 | D:5      | Reached XP level 8. HP: 41/41 MP: 13/17
  5159 | D:5      | Found a glowing golden altar of the Shining One.
  5392 | D:5      | Found a blossoming altar of Fedhas.
  5569 | D:5      | Noticed Pikel
  5579 | D:5      | Killed Pikel
  5580 | D:5      | Reached skill level 10 in Summonings
  5580 | D:5      | Reached XP level 9. HP: 45/45 MP: 17/21
  7171 | D:7      | Found a faded altar of an unknown god.
  7192 | D:7      | Found a staircase to the Ecumenical Temple.
  7235 | Temple   | Entered the Ecumenical Temple
  7557 | D:7      | Reached XP level 10. HP: 41/50 MP: 17/24
  7689 | D:7      | Found a radiant altar of Vehumet.
  8054 | D:7      | Learned a level 5 spell: Summon Forest
  8061 | D:7      | Learned a level 6 spell: Summon Cactus Giant
  8354 | D:8      | Found a runed translucent door.
  8357 | D:8      | Identified the +1 trident "Fuatof" {venom, Int+3 Dex+3}
  8788 | D:8      | Reached skill level 10 in Spellcasting
  9186 | D:8      | Found a burning altar of Makhleb.
  9246 | D:8      | Got the Commentary on Lava
  9406 | D:8      | Noticed Bediveer's ghost (novice OgFi)
  9457 | D:9      | Found a staircase to the Orcish Mines.
 10528 | D:8      | Reached XP level 11. HP: 54/54 MP: 16/26
 10683 | D:8      | Learned a level 5 spell: Summon Mana Viper
 11029 | D:9      | Noticed a two-headed ogre
 11036 | D:9      | Killed a two-headed ogre
 11115 | D:9      | Reached skill level 15 in Summonings
 11151 | D:9      | Found a bloodstained altar of Trog.
 11272 | D:9      | Identified the +1 robe of the Worm {Will++ Str+2 Int-3
                  | SInv}
 11285 | D:9      | Found a staircase to the Lair.
 11411 | D:9      | Found a shadowy altar of Dithmenos.
 11527 | D:10     | Entered Level 10 of the Dungeon
 11670 | D:10     | Identified the +6 plate armour of the Swamp {Slay+2 Stlth+}
 11671 | D:10     | Found an opulent altar of Gozag.
 11681 | D:10     | Became a worshipper of Gozag Ym Sagoz the Greedy
 11696 | D:10     | Identified the +0 pair of gloves of Amak Ysill {rElec Will-
                  | Str+4}
 12059 | D:10     | Noticed a two-headed ogre
 12063 | D:10     | Killed a two-headed ogre
 12606 | D:11     | Found a portal to a secret trove of treasure.
 12717 | D:11     | Noticed a boulder beetle
 12732 | D:11     | Noticed a purple ugly thing
 12739 | D:11     | Killed a purple ugly thing
 12747 | D:11     | Killed a boulder beetle
 12754 | D:11     | Reached XP level 12. HP: 45/59 MP: 5/29
 13950 | D:12     | Reached skill level 1 in Fighting
 14027 | D:12     | Reached skill level 3 in Dodging
 14352 | D:12     | Reached skill level 4 in Dodging
 14713 | D:12     | Noticed a boulder beetle
 14740 | D:12     | Killed a boulder beetle
 14834 | D:12     | Reached skill level 5 in Dodging
 15149 | Lair:1   | Entered Level 1 of the Lair of Beasts
 15580 | Lair:1   | Reached skill level 6 in Dodging
 15646 | Lair:1   | Reached skill level 5 in Fighting
 16050 | Lair:1   | You are sucked into a shaft and drop 1 floor!
 16288 | Lair:2   | Found a staircase to the Shoals.
 16290 | Lair:2   | Reached skill level 7 in Dodging
 16297 | Lair:2   | Reached XP level 13. HP: 74/74 MP: 15/30
 16527 | Lair:2   | Found a hole to the Spider Nest.
 16728 | Lair:2   | Reached skill level 8 in Dodging
 17223 | Lair:2   | Found a runed translucent door.
 17224 | Lair:2   | Noticed AzureAlchemist's ghost (journeyman TrFi)
 17886 | Lair:3   | Reached skill level 9 in Dodging
 18078 | Lair:3   | Noticed Josephine
 18087 | Lair:3   | Killed Josephine
 18276 | Lair:3   | Reached skill level 10 in Dodging
 18822 | Lair:3   | Noticed Gastronok
 18833 | Lair:3   | Killed Gastronok
 19386 | D:2      | Bought 3 scrolls of acquirement for 2184 gold pieces
 19386 | D:2      | Acquired 792 gold pieces
 19388 | D:2      | Acquired 1092 gold pieces
 19390 | D:2      | Acquired 897 gold pieces
 20179 | Lair:4   | Reached skill level 11 in Dodging
 20381 | Lair:4   | Reached skill level 10 in Fighting
 20381 | Lair:4   | Reached XP level 14. HP: 88/88 MP: 15/31
 21341 | Lair:4   | Reached skill level 12 in Dodging
 21651 | Lair:4   | Found a viscous altar of Jiyva.
 21651 | Lair:4   | Found a staircase to the Slime Pits.
 21704 | Lair:5   | Entered Level 5 of the Lair of Beasts
 23270 | Lair:5   | Reached skill level 13 in Dodging
 24301 | Lair:5   | Reached XP level 15. HP: 97/97 MP: 15/32
 24618 | Lair:5   | Reached skill level 14 in Dodging
 25392 | Orc:1    | Entered Level 1 of the Orcish Mines
 25944 | Orc:2    | Entered Level 2 of the Orcish Mines
 26240 | Orc:2    | Found a staircase to the Elven Halls.
 28761 | Orc:2    | Found Owuazeuh's Weapon Shop.
 28761 | Orc:2    | Found Noewir's Assorted Antiques.
 28763 | Orc:2    | Found Cemeux's Antique Weapon Boutique.
 28763 | Orc:2    | Found Onapath's Antique Armour Shop.
 28771 | Orc:2    | Bought a scroll labelled BIUSHR PUYX for 27 gold pieces
 28989 | Lair:1   | Bought a fine leather armour for 154 gold pieces
 28989 | Lair:1   | Identified the +1 leather armour of Qiev {Int-3 Dex+6} (You
                  | bought it in a shop on level 1 of the Lair of Beasts)
 28989 | Lair:1   | Bought a polished leather armour for 154 gold pieces
 28989 | Lair:1   | Identified the +2 leather armour of Dice, Bag, and Bottle
                  | {Str-4 Dex+4 Slay+3 SInv} (You bought it in a shop on level
                  | 1 of the Lair of Beasts)
 29080 | D:13     | Found a gate leading to a gauntlet.
 29088 | Gauntlet | Entered a Gauntlet
 29088 | Gauntlet | Found a transporter.
 29088 | Gauntlet | Found a transporter.
 29089 | Gauntlet | Found a transporter.
 29089 | Gauntlet | Found a transporter.
 29092 | Gauntlet | Found a transporter.
 29110 | Gauntlet | Found a transporter.
 29112 | Gauntlet | Found a transporter.
 29118 | Gauntlet | Found a transporter.
 29122 | Gauntlet | Found a transporter.
 29155 | Gauntlet | Found a transporter.
 29251 | Gauntlet | Found a transporter.
 29268 | Gauntlet | Found the ring of Shadows {Umbra +Inv Stlth+}
 29272 | Gauntlet | Found a transporter.
 29357 | Gauntlet | Reached skill level 1 in Shields
 29372 | Gauntlet | Identified the amulet "Iptoyzxa" {Spirit SInv}
 29434 | Gauntlet | Identified the ring of Etiopih {rN+ Slay+3}
 29592 | Gauntlet | Identified the +0 buckler "Exyumab" {rC+}
 29592 | Gauntlet | Identified the ring "Qonuch" {rElec rPois Str-3 Dex+6
                  | Stlth+}
 29755 | Gauntlet | Identified the +0 hat of Horruastrur {Str+3}
 29755 | Gauntlet | Identified the +1 robe "Enureqem" {rC+ Dex+2}
 30336 | D:13     | Reached skill level 5 in Shields
 31303 | D:14     | Noticed Azrael
 31752 | D:14     | Killed Azrael
 32452 | D:14     | Reached XP level 16. HP: 88/104 MP: 16/33
 34094 | D:14     | Found a gate to the Vaults.
 34142 | D:15     | Entered Level 15 of the Dungeon
 34271 | D:15     | Reached skill level 10 in Shields
 34272 | D:15     | Reached skill level 15 in Dodging
 35067 | D:15     | Found a staircase to the Depths.
 35262 | D:15     | Found a sparkling altar of Nemelex Xobeh.
 35674 | D:8      | Killed Bediveer's ghost
 35901 | Lair:2   | Killed AzureAlchemist's ghost
 36083 | Lair:1   | Bought the +4 kite shield "Dyoga" {Int+6} for 573 gold
                  | pieces
 36166 | Spider:1 | Entered Level 1 of the Spider Nest
 36230 | Spider:1 | HP: 2/106 [redback (14)]
 38692 | Spider:1 | Found a runed translucent door.
 38693 | Spider:1 | Noticed GloriousHammer's ghost (adept GnRe)
 38749 | Spider:1 | Reached skill level 16 in Dodging
 39240 | Spider:1 | Killed GloriousHammer's ghost
 39258 | Spider:1 | Identified the ring "Beschawki" {rPois rC+ Str-3 Int+3}
 39425 | Spider:2 | Reached skill level 15 in Fighting
 40151 | Spider:2 | Found a transporter.
 40152 | Spider:2 | Noticed Arachne
 40163 | Spider:2 | Found a transporter.
 40164 | Spider:2 | Noticed Xof Pepn's ghost (adept MiBe)
 40165 | Spider:2 | Noticed Qyphoemu's ghost (adept GnTm)
 40438 | Spider:2 | Reached XP level 17. HP: 113/113 MP: 14/34
 41384 | Spider:3 | Noticed Aizul
 41398 | Spider:3 | Reached skill level 17 in Dodging
 41405 | Spider:3 | Killed Aizul
 42626 | Spider:3 | Noticed Lahaam's ghost (adept MiBe)
 42631 | Spider:3 | Found a runed translucent door.
 43551 | Spider:3 | Killed Lahaam's ghost
 43691 | Spider:4 | Entered Level 4 of the Spider Nest
 44776 | Spider:4 | Noticed Kirke
 44784 | Spider:4 | Killed Kirke
 45556 | Spider:4 | Found a large runed translucent door.
 45556 | Spider:4 | Found a large runed translucent door.
 45556 | Spider:4 | Noticed juan097's ghost (adept DrIE)
 45776 | Spider:4 | Reached skill level 18 in Dodging
 49471 | Spider:4 | Reached XP level 18. HP: 116/123 MP: 6/35
 50002 | Spider:4 | Got a gossamer rune of Zot
 50154 | Spider:4 | Killed juan097's ghost
 50261 | Spider:4 | Identified the +8 flail of the Desolation of Salt {freeze,
                  | rC+}
 50512 | Shoals:1 | Entered Level 1 of the Shoals
 50515 | Shoals:1 | Found the +5 demon whip "Spellbinder" {antimagic, disrupt,
                  | Will+}
 50672 | Shoals:1 | Found a frozen archway.
 50701 | IceCv    | Entered an ice cave
 50713 | IceCv    | Found a transporter.
 51015 | IceCv    | Found a transporter.
 51051 | IceCv    | HP: 4/123 [white very ugly thing (17)]
 51051 | IceCv    | Demolished by a white very ugly thing

Illustrated notes

Levels and vault maps discovered:
D:1:      doesnt_arrival_eight_statues, layout_basic
D:2:      layout_rooms, serial_shops,
          nicolae_shop_temple_entry_statues_fountains, basic_altar,
          uniq_crazy_yiuf_cottage, uniq_sigmund
D:3:      layout_loops_ring, st_stairs_12, kennysheep_generic_room_15
D:4:      layout_basic, mainiacjoe_overflow_alcove_1, led_sif_book,
          solitary_fountain, uniq_menkaure
D:5:      layout_loops_corners, mainiacjoe_overflow_chevrons,
          yredelemnul_altar_generic, fedhas_altar_decomposition, minitemple,
          general_overflow_altar, uniq_pikel
D:6:      kennysheep_six_static_rooms, layout_basic
D:7:      layout_cave_pools, mainiacjoe_overflow_tiny_flanked,
          minmay_temple_entry_glassed_door, serial_column_ruins,
          column_ruins_hut_ruined, column_ruins_temple_circle,
          column_ruins_open_medium, column_ruins_open_small,
          column_ruins_columns_dead_end, column_ruins_grid_2,
          kennysheep_small_square
D:8:      layout_cave_pools, mainiacjoe_overflow_six_doors_small,
          ebering_ghost_funeral_grove
D:9:      layout_gridville, nicolae_dithmenos_through_a_glass_darkly,
          nicolae_overflow_crystal_walls, minmay_lair_entry_grove
D:10:     layout_basic, mainiacjoe_overflow_surrounded_room
D:11:     gammafunk_indiana_jones, layout_rooms, nicolae_trove_entry_diagonal
D:12:     layout_long_grid
D:13:     layout_irregular_city, serial_demonic, serial_demonic_f,
          serial_demonic_e, serial_demonic_b, serial_demonic_a,
          gauntlet_entry_generic
D:14:     layout_layer_cave, david_vaults_5, kennysheep_dice, uniq_azrael
D:15:     gammafunk_depths_entry_grave, layout_rooms, serial_curves,
          eino_curves_04, eino_curves_03, eino_curves_01, nemelex_altar_shiori
Temple:   grunt_temple_mini_profane
Lair:1:   layout_regular_city
Lair:2:   layout_roguey, nicolae_shoals_entry_roost,
          spider_nest_entry_funnel_web, ebering_ghost_inner_flame,
          infiniplex_staircase_pool, lemuel_fruit_tree, grunt_megastairs_3
Lair:3:   layout_chaotic_city, uniq_gastronok, uniq_josephine
Lair:4:   nzn_winding_woodlands_small [nzn_winding_woodlands_5x15_longhouse,
          nzn_winding_woodlands_center_garden,
          nzn_winding_woodlands_5x15_default], layout_regular_city,
          dpeg_slime_entry_corner
Lair:5:   minmay_lair_end_enchanted_forest, layout_gridlike,
          minmay_lair_oklob_items, evilmike_ambush
          [evilmike_ambush_outer_corners, evilmike_ambush_inner_cross],
          lemuel_fruit_fields
Shoals:1: layout_shoals, portal_ice_cave_entry_ice_statue_two,
          hangedman_shoal_volcano, uniq_frances
Spider:1: layout_spider_delve, gammafunk_ghost_grave,
          nicolae_spider_undead_wolf_pack
Spider:2: layout_spider_delve, nzn_ghost_randoct
Spider:3: layout_spider_delve, hellmonk_ghost_happy_afterlife,
          nicolae_looking_at_the_future, uniq_aizul
Spider:4: grunt_spider_rune_circles, ebering_ghost_disaster_area,
          hellmonk_test_site, uniq_arachne, uniq_kirke
Orc:1:    layout_diamond_mine
Orc:2:    st_orc_pillars, layout_diamond_mine
IceCv:    ice_cave_statue_garden_transporter

Skill      XL: |  1  2  3  4  5  6  7  8  9 10 11 12 13 14 15 16 17 18 |
---------------+-------------------------------------------------------+-----
Summonings     | 5 6 7 8 10 12 14 16 17 | 17.8
Spellcasting   | 4 5 7 9 10 12 | 12.8
Fighting       | 6 10 12 13 15 17 | 17.1
Dodging        | 7 11 13 14 16 18 | 18.7
Shields        | 8 10 | 10.0
Stealth        | |  2.0

Action                     |  1- 3 |  4- 6 |  7- 9 | 10-12 | 13-15 | 16-18 || total
---------------------------+-------+-------+-------+-------+-------+-------++-------
  Melee: Unarmed           |    21 |       |     6 |     9 |    40 |    27 ||   103
         Kick              |     4 |       |     3 |     6 |    27 |    17 ||    57
         Peck              |     1 |       |     1 |     3 |    17 |    15 ||    37
         Flail             |       |       |       |       |       |    11 ||    11
   Cast: Summon Small Mamm |    42 |    10 |    45 |    15 |     4 |     4 ||   120
         Call Imp          |     9 |     5 |    27 |    13 |     2 |     3 ||    59
         Call Canine Famil |     3 |     8 |    29 |    39 |    53 |    93 ||   225
         Summon Guardian G |       |     1 |     5 |     4 |    47 |    59 ||   116
         Summon Lightning  |       |       |     8 |     3 |    30 |    43 ||    84
         Summon Cactus Gia |       |       |       |    68 |   135 |   163 ||   366
         Summon Forest     |       |       |       |     8 |    35 |    19 ||    62
         Summon Mana Viper |       |       |       |    20 |   116 |   151 ||   287
 Invoke: Call Merchant     |       |       |       |       |     5 |     2 ||     7
  Evoke: Wand              |       |       |       |       |       |     5 ||     5
    Use: Scroll            |       |     1 |     5 |    14 |    11 |    11 ||    42
         Potion            |       |       |       |       |       |     6 ||     6
 Armour: Robe              |    10 |     8 |     7 |    32 |    17 |    35 ||   109
  Dodge: Dodged            |    29 |     8 |    44 |   116 |   222 |   411 ||   830
  Block: Other             |       |       |     7 |    28 |     3 |       ||    38
         Reflection        |       |       |     1 |       |       |     7 ||     8
         Orb               |       |       |       |       |    43 |       ||    43
         Buckler           |       |       |       |       |     8 |    12 ||    20
         Kite shield       |       |       |       |       |       |   578 ||   578

Table legend: (Time is in decaauts)
 A = Elapsed time spent in this place.
 B = Non-inter-level travel time spent in this place.
 C = Inter-level travel time spent in this place.
 D = Time resting spent in this place.
 E = Time spent auto-exploring this place.
 F = Levels seen in this place.
 G = Mean time per level.
                   A        B        C        D        E       F      G
               +--------+--------+--------+--------+--------+-----+--------+
         Total |  49298 |  47513 |   1785 |   9783 |  28642 |  30 | 1643.3 |
       Dungeon |  20489 |  19519 |    970 |   2554 |  13194 |  15 | 1365.9 |
        Temple |    192 |    171 |     21 |      0 |    167 |   1 |  192.0 |
          Lair |  12005 |  11495 |    510 |   1831 |   7732 |   5 | 2401.0 |
        Shoals |    189 |    189 |      0 |     86 |      0 |   1 |  189.0 |
   Spider Nest |  11897 |  11698 |    199 |   4506 |   5045 |   4 | 2974.2 |
  Orcish Mines |   3490 |   3406 |     84 |    296 |   2405 |   2 | 1745.0 |
      Ice Cave |    346 |    346 |      0 |    246 |      0 |   1 |  346.0 |
      Gauntlet |    686 |    686 |      0 |    263 |     98 |   1 |  686.0 |
               +--------+--------+--------+--------+--------+-----+--------+

Top non-repeatable levels by time:
Spider:4: 4413 daAuts
Spider:3: 3984 daAuts
  Lair:2: 3812 daAuts
  Lair:5: 2984 daAuts
     D:8: 2732 daAuts
   Orc:2: 2722 daAuts
    D:14: 2435 daAuts
  Lair:4: 2385 daAuts
Spider:2: 2241 daAuts
    D:13: 1873 daAuts
  Lair:3: 1624 daAuts
     D:5: 1598 daAuts
     D:4: 1491 daAuts
    D:10: 1300 daAuts
Spider:1: 1257 daAuts
